 Dungeon Crawl Stone Soup version 0.23.2-40-g277498a001 (webtiles) character file.

Game seed: 15788101259854385119

133 Exodus22XD the Conjurer (level 4, -9/24 HPs)
             Began as a Deep Elf Wizard on Sept 13, 2019.
             Killed by divine providence
             ... invoked by an orc priest
              (13 damage)
             ... on level 3 of the Dungeon.
             The game lasted 00:05:51 (2271 turns).

Exodus22XD the Conjurer (Deep Elf Wizard)           Turns: 2271, Time: 00:05:52

Health: -9/24      AC:  2    Str:  4    XL:     4   Next: 93%
Magic:  6/12       EV: 13    Int: 24    God:
Gold:   78         SH:  0    Dex: 13    Spells: 0/11 levels left

rFire    . . .     SeeInvis .   f - +0 dagger
rCold    . . .     Gourm    .   (no shield)
rNeg     . . .     Faith    .   a - +0 robe
rPois    .         Spirit   .   b - +0 hat
rElec    .         Reflect  .   (no cloak)
rCorr    .         Harm     .   (no gloves)
MR       +....                  (no boots)
Stlth    +.........             (no amulet)
HPRegen  0.08/turn              k - ring of protection from magic
MPRegen  0.13/turn              l - ring of attention (curse)

@: no status effects
A: no striking features
a: no special abilities


You were on level 3 of the Dungeon.
You were not hungry.

You visited 1 branch of the dungeon, and saw 3 of its levels.

You collected 78 gold pieces.

Inventory:

Hand Weapons
 f - a +0 dagger (weapon)
Armour
 a - a +0 robe (worn)
 b - a +0 hat (worn)
Jewellery
 k - a ring of protection from magic (left hand)
 l - a cursed ring of attention (right hand)
 o - an uncursed ring of stealth
Scrolls
 g - a scroll of noise {unknown}
 h - 3 scrolls of identify {unknown}
 i - 2 scrolls of blinking {unknown}
 j - 2 scrolls of enchant armour {unknown}
 q - a scroll of immolation {unknown}
 s - a scroll of remove curse {unknown}
Potions
 c - a potion of brilliance {unknown}
 e - a potion of heal wounds {unknown}
 n - a potion of ambrosia {unknown}
 p - a potion of agility {unknown}
 r - a potion of curing {unknown}
Comestibles
 d - 5 rations
 m - 2 chunks of flesh


   Skills:
 - Level 2.4 Dodging
 - Level 2.4 Stealth
 - Level 4.4 Spellcasting
 - Level 4.8 Conjurations
 * Level 2.4 Summonings
 - Level 1.1 Translocations


You couldn't memorise any spells.
You knew the following spells:

 Your Spells              Type           Power        Failure   Level  Hunger
a - Magic Dart            Conj           ####         1%          1    None
b - Call Imp              Summ           ###.....     5%          2    None
c - Blink                 Tloc           N/A          9%          2    None
d - Conjure Flame         Conj/Fire      ###.....     11%         3    ##.....
e - Mephitic Cloud        Conj/Pois/Air  ##......     14%         3    ##.....

Your spell library contained the following spells:

 Spells                   Type           Power        Failure   Level  Hunger
 Slow                     Hex            #.......     14%         2    None


Dungeon Overview and Level Annotations

Branches:
Dungeon (3/15)

Altars:
Elyvilon


Message History

Aiming: Magic Dart (safe; 1% risk of failure)
Press: ? - help, Shift-Dir - straight line, f/p - orc priest
Aim: an orc priest, wielding a +0 trident (heavily wounded)
The magic dart hits the orc priest.
The orc priest is severely wounded.
Casting: Magic Dart (safe; 1% risk of failure)
Confirm with . or Enter, or press ? or * to list all spells.
Aiming: Magic Dart (safe; 1% risk of failure)
Press: ? - help, Shift-Dir - straight line, f/p - orc priest
Aim: an orc priest, wielding a +0 trident (severely wounded)
The magic dart hits the orc priest.
The orc priest is almost dead.
The orc priest calls down the wrath of Beogh upon you.
Beogh smites you!
* * * LOW HITPOINT WARNING * * *
The orc priest begins to cast a cantrip, but forgets the words!
The orc priest calls down the wrath of Beogh upon you.
Beogh smites you!
Ouch! That really hurt!
You die...

#.........##..#.# #
..#$..##.o......... ##
#....##...#### .#.....
#....##....####.#.....
#.....................
###......###............
.......o.###............
##........#............
#####@##..............
#####
##########.####............
.....
)........#.......#..##.....
####.
#.#........######..#.....
##.##.####...######....###
###.###..##.#
###...#..........
#......)#.[.#
#.#............
########รท.###
#.#..>......... ####.##
..............)


You could see an orc priest and an orc.

Vanquished Creatures
  6 adders
  A worm (D:2)
  2 dart slugs (D:1)
  2 leopard geckos
  4 orcs
  2 ball pythons (D:2)
  3 giant cockroaches
  6 goblins
  12 hobgoblins
  6 jackals
  7 kobolds
  5 bats
  2 frilled lizards
  7 rats
65 creatures vanquished.

Notes
Turn   | Place    | Note
-------+----------+-------------------------------------------
     0 | D:1      | Exodus22XD the Deep Elf Wizard began the quest for the Orb.
     0 | D:1      | Reached XP level 1. HP: 10/10 MP: 7/7
   256 | D:1      | Reached XP level 2. HP: 15/15 MP: 1/9
   704 | D:1      | Reached XP level 3. HP: 18/19 MP: 7/10
  1190 | D:2      | Found a white marble altar of Elyvilon.
  1441 | D:2      | Reached XP level 4. HP: 24/24 MP: 2/12
  1993 | D:3      | Learned a level 2 spell: Call Imp
  1996 | D:3      | Learned a level 2 spell: Blink
  2000 | D:3      | Learned a level 3 spell: Conjure Flame
  2004 | D:3      | Learned a level 3 spell: Mephitic Cloud
  2271 | D:3      | Killed from afar by an orc priest

Skill      XL: |  1  2  3  4 |
---------------+-------------+-----
Conjurations   | 2 3 4 |  4.8
Summonings     | 2 |  2.4
Dodging        | |  2.4
Stealth        | |  2.4
Spellcasting   | |  4.4
Translocations | |  1.1

Action                   |  1- 3 |  4- 6 || total
-------------------------+-------+-------++-------
Melee: Dagger            |     3 |       ||     3
 Cast: Magic Dart        |    88 |    64 ||   152
  Eat: Chunk             |     1 |     3 ||     4
Armor: Robe              |     5 |     3 ||     8
Dodge: Dodged            |     8 |    10 ||    18
